[Event "Gibraltar ChallWk1 13th"]
[Site "Gibraltar"]
[Date "2015.01.28"]
[Round "3.6"]
[White "Osuna Vega, Enrique"]
[Black "Galmandakh, Badrakh"]
[Result "0-1"]
[ECO "C41"]
[WhiteElo "2108"]
[BlackElo "2240"]
[PlyCount "102"]
[EventDate "2015.01.26"]
[EventType "swiss"]
[EventRounds "5"]
[EventCountry "GGB"]
[SourceTitle "BritBase"]
[Source "www.saund.co.uk"]
[SourceDate "2018.02.10"]
[SourceVersion "1"]
[SourceVersionDate "2018.02.10"]
[SourceQuality "1"]
[TimeControl "6600+1510"]
[WhiteClock "0:00:14"]
[BlackClock "0:00:34"]

1. e4 d6 2. d4 Nf6 3. Nc3 e5 4. Nf3 Nbd7 5. Bc4 Be7 6. O-O O-O 7. Re1 c6 8. a4
Qc7 9. a5 Rb8 10. Ba2 b5 11. axb6 axb6 12. d5 cxd5 13. Nxd5 Nxd5 14. Bxd5 Nf6
15. Bb3 Bb7 16. Qd3 h6 17. Nd2 Ra8 18. Rb1 Rfd8 19. Nf1 d5 20. exd5 Nxd5 21.
Qf5 Bd6 22. Ng3 Ra5 23. Bd2 Rb5 24. Ne4 Rxb3 25. cxb3 Ne7 26. Qg4 f5 27. Nf6+
Kf7 28. Qh5+ Kxf6 29. Rbc1 Qd7 30. Bc3 Nd5 31. Qh4+ Kf7 32. Bxe5 Bxe5 33. Rxe5
Nf6 34. Rce1 Kg8 35. Qf4 Be4 36. f3 Qd4+ 37. Kh1 Ng4 38. h3 Qxe5 39. Qxe5 Nxe5
40. fxe4 Nd3 41. Re2 fxe4 42. Kh2 Re8 43. Kg3 Kf7 44. Kg4 Kf6 45. Rc2 Ke5 46.
Kg3 Kd4 47. h4 b5 48. h5 e3 49. Re2 Ne5 50. Kf4 Rf8+ 51. Kg3 Kd3 0-1

[Event "Gibraltar ChallWk1 13th"]
[Site "Gibraltar"]
[Date "2015.01.28"]
[Round "3.7"]
[White "Amgalanbaatar, Ravdanlkhumbuu"]
[Black "Perez Garcia, Alejandro"]
[Result "0-1"]
[ECO "A00"]
[WhiteElo "2117"]
[BlackElo "2207"]
[PlyCount "79"]
[EventDate "2015.01.26"]
[EventType "swiss"]
[EventRounds "5"]
[EventCountry "GGB"]
[SourceTitle "BritBase"]
[Source "www.saund.co.uk"]
[SourceDate "2018.02.10"]
[SourceVersion "1"]
[SourceVersionDate "2018.02.10"]
[SourceQuality "1"]
[TimeControl "7200+655"]
[WhiteClock "0:27:20"]
[BlackClock "0:00:22"]

1. d3 d5 2. Bf4 g6 3. Nf3 Bg7 4. c3 Nc6 5. h3 e5 6. Bh2 f5 7. e3 Nge7 8. Nbd2
O-O 9. Be2 e4 10. Nd4 Ne5 11. Nf1 c5 12. Nc2 exd3 13. Bxd3 Nxd3+ 14. Qxd3 Qb6
15. Rb1 Bd7 16. Na3 f4 17. e4 Rad8 18. Nd2 dxe4 19. Nxe4 Be6 20. Qe2 Bxa2 21.
Ra1 Bd5 22. O-O Nf5 23. Bxf4 Nd4 24. cxd4 Rxf4 25. Nxc5 Rxd4 26. Rfc1 Bf8 27.
Qb5 Qf6 28. Rc3 Rd2 29. Rf1 a6 30. Qa5 b6 31. Qxa6 Ra8 32. Nd7 Qxc3 33. Qxb6
Qc6 34. Nf6+ Kh8 35. Nxd5 Qxd5 36. Nb1 Rd1 37. Nc3 Rxf1+ 38. Kxf1 Qd3+ 39. Kg1
Ra1+ 40. Kh2 0-1

[Event "Gibraltar ChallWk1 13th"]
[Site "Gibraltar"]
[Date "2015.01.28"]
[Round "3.8"]
[White "Byron, Alan M"]
[Black "Maloberti, David"]
[Result "1-0"]
[ECO "A98"]
[WhiteElo "2188"]
[BlackElo "2108"]
[PlyCount "75"]
[EventDate "2015.01.26"]
[EventType "swiss"]
[EventRounds "5"]
[EventCountry "GGB"]
[SourceTitle "BritBase"]
[Source "www.saund.co.uk"]
[SourceDate "2018.02.10"]
[SourceVersion "1"]
[SourceVersionDate "2018.02.10"]
[SourceQuality "1"]
[TimeControl "7200+1010"]
[WhiteClock "0:17:24"]
[BlackClock "0:00:47"]

1. c4 f5 2. g3 Nf6 3. Nf3 d6 4. d4 e6 5. Nc3 Be7 6. Bg2 O-O 7. O-O Qe8 8. Qc2
Qg6 9. Bg5 h6 10. Bd2 c6 11. b3 Bd7 12. Rae1 Ne4 13. e3 Nxd2 14. Qxd2 Qh5 15.
Qd1 Na6 16. Nd2 Qf7 17. f4 Bf6 18. Nf3 d5 19. Ne2 Be8 20. Nc1 Nb8 21. Nd3 Nd7
22. Qd2 Qe7 23. Rc1 Bh5 24. Nfe1 g5 25. Bf3 Bxf3 26. Nxf3 Kg7 27. Kf2 g4 28.
Nfe5 h5 29. cxd5 exd5 30. Qb4 Qxb4 31. Nxb4 Rad8 32. Nbd3 Rfe8 33. Rh1 Nxe5 34.
fxe5 Bg5 35. h4 Be7 36. Ke2 Ba3 37. Rcf1 Rf8 38. Nf4 1-0

[Event "Gibraltar ChallWk1 13th"]
[Site "Gibraltar"]
[Date "2015.01.28"]
[Round "3.9"]
[White "Verneuil, Pascal"]
[Black "Gonzalez Gonzalez, Alfonso"]
[Result "1-0"]
[ECO "B20"]
[WhiteElo "2093"]
[BlackElo "2160"]
[PlyCount "61"]
[EventDate "2015.01.26"]
[EventType "swiss"]
[EventRounds "5"]
[EventCountry "GGB"]
[SourceTitle "BritBase"]
[Source "www.saund.co.uk"]
[SourceDate "2018.02.10"]
[SourceVersion "1"]
[SourceVersionDate "2018.02.10"]
[SourceQuality "1"]
[TimeControl "7200+1150"]
[WhiteClock "1:03:32"]
[BlackClock "0:10:47"]

1. e4 c5 2. b3 d6 3. Bb2 Nf6 4. Nc3 g6 5. Bb5+ Nbd7 6. f4 Bg7 7. e5 Nh5 8. exd6
O-O 9. Qf3 exd6 10. O-O-O Nb6 11. g4 Nf6 12. f5 a6 13. Bd3 Nfd7 14. Be4 c4 15.
h4 Ne5 16. Qg2 a5 17. Nf3 a4 18. Nxe5 dxe5 19. fxg6 cxb3 20. cxb3 Be6 21. h5
axb3 22. axb3 Bxb3 23. gxh7+ Kh8 24. Rdg1 Nc4 25. h6 Bf6 26. g5 Be7 27. g6 fxg6
28. Bxg6 Nxd2 29. Bd3 Bg5 30. Qxg5 Rf1+ 31. Bxf1 1-0

[Event "Gibraltar ChallWk1 13th"]
[Site "Gibraltar"]
[Date "2015.01.28"]
[Round "3.10"]
[White "Elishev, Ivan"]
[Black "Agbabishvili, Lali"]
[Result "1/2-1/2"]
[ECO "B06"]
[WhiteElo "2153"]
[BlackElo "1978"]
[PlyCount "265"]
[EventDate "2015.01.26"]
[EventType "swiss"]
[EventRounds "5"]
[EventCountry "GGB"]
[SourceTitle "BritBase"]
[Source "www.saund.co.uk"]
[SourceDate "2018.02.10"]
[SourceVersion "1"]
[SourceVersionDate "2018.02.10"]
[SourceQuality "1"]
[TimeControl "7200+1790"]
[WhiteClock "0:03:28"]
[BlackClock "0:00:33"]

1. d4 d6 2. e4 g6 3. Nc3 Bg7 4. Be3 c6 5. h4 h5 6. Nh3 Bxh3 7. Rxh3 Nd7 8. f4
Nh6 9. Be2 Nf6 10. Qd2 Nhg4 11. Bg1 Bh6 12. Rd3 Qc7 13. g3 O-O 14. O-O-O Rfe8
15. Kb1 e5 16. Bxg4 Nxg4 17. dxe5 Nxe5 18. fxe5 Bxd2 19. exd6 Qd7 20. R1xd2 f5
21. exf5 Re1+ 22. Rd1 Rxd1+ 23. Rxd1 Qxf5 24. Be3 Rd8 25. Bf4 b5 26. Re1 Qc5
27. a3 a5 28. Ne4 Qd4 29. Ng5 Rf8 30. Ne6 Qf2 31. Re4 Qf1+ 32. Ka2 Qg2 33. Rd4
Rf7 34. d7 Rxd7 35. Rxd7 Qxc2 36. Ng5 Qc4+ 37. Kb1 Qf1+ 38. Kc2 Qe2+ 39. Kc1
Qf1+ 40. Rd1 Qc4+ 41. Kb1 Kf8 42. Rc1 Qd5 43. Kc2 b4 44. axb4 axb4 45. b3 Qc5+
46. Kd3 Qd5+ 47. Kc2 Qc5+ 48. Kd3 Qd5+ 49. Ke2 Qxb3 50. Rxc6 Qd5 51. Rd6 Qc4+
52. Ke3 Qc3+ 53. Ke4 Ke7 54. Re6+ Kd7 55. Rd6+ Ke7 56. Rd3 Qc6+ 57. Ke3 Qc1+
58. Kd4 Qb2+ 59. Ke4 Qe2+ 60. Re3 Qc2+ 61. Kd5+ Kd7 62. Ne4 Qa2+ 63. Kd4 Qb2+
64. Kc4 Kc6 65. Rb3 Qc2+ 66. Kxb4 Qxe4+ 67. Kc3 Qe1+ 68. Kc2 Qe2+ 69. Bd2 Kd5
70. Re3 Qc4+ 71. Rc3 Qa4+ 72. Kb2 Kd4 73. Rb3 Qc6 74. Be3+ Ke4 75. Bf4 Qd5 76.
Kc2 Qc4+ 77. Kb2 Qe2+ 78. Ka3 Kf5 79. Rc3 Qa6+ 80. Kb3 Qb5+ 81. Kc2 Qa4+ 82.
Kb2 Ke4 83. Rb3 Kd5 84. Bd2 Qd4+ 85. Kc2 Qe4+ 86. Kb2 Qg2 87. Kc2 Kd4 88. Rd3+
Ke4 89. Re3+ Kf5 90. Rc3 Qf2 91. Re3 Qg2 92. Kd3 Qf1+ 93. Kc2 Qc4+ 94. Kd1 Kg4
95. Ke1 Qd4 96. Ke2 Qc4+ 97. Kf2 Qc2 98. Ke2 Qf5 99. Ke1 Qd5 100. Ke2 Qg2+ 101.
Kd3 Qf1+ 102. Kd4 Qd1 103. Kc3 Kf5 104. Kd3 Qf1+ 105. Kc3 Qa1+ 106. Kd3 Qa6+
107. Kc3 Kg4 108. Kc2 Qb5 109. Kd1 Qc4 110. Ke1 Kh3 111. Kd1 Kg2 112. Rc3 Qa4+
113. Kc1 Kf2 114. Kb2 Ke2 115. Bf4 Qb4+ 116. Kc2 Qb6 117. Kc1 Qd4 118. Rc2+ Ke1
119. Bd2+ Kf1 120. Bf4 Qa1+ 121. Kd2 Kg2 122. Ke3+ Kh3 123. Rd2 Kg4 124. Kd3
Qb1+ 125. Ke3 Qb3+ 126. Rd3 Qc4 127. Kd2 Kf5 128. Re3 Qd4+ 129. Rd3 Qc5 130.
Re3 Qd4+ 131. Ke2 Qb2+ 132. Kf3 Qb7+ 133. Kf2 1/2-1/2

[Event "Gibraltar ChallWk1 13th"]
[Site "Gibraltar"]
[Date "2015.01.28"]
[Round "3.11"]
[White "Rios Gonzalez, Jose Antonio"]
[Black "Varga, Klara"]
[Result "0-1"]
[ECO "A22"]
[WhiteElo "1933"]
[BlackElo "2145"]
[PlyCount "86"]
[EventDate "2015.01.26"]
[EventType "swiss"]
[EventRounds "5"]
[EventCountry "GGB"]
[SourceTitle "BritBase"]
[Source "www.saund.co.uk"]
[SourceDate "2018.02.10"]
[SourceVersion "1"]
[SourceVersionDate "2018.02.10"]
[SourceQuality "1"]
[TimeControl "7200+795"]
[WhiteClock "0:02:33"]
[BlackClock "0:23:44"]

1. c4 Nf6 2. Nc3 e5 3. g3 Bb4 4. Bg2 O-O 5. b3 c6 6. e4 a5 7. Nge2 Na6 8. O-O
Re8 9. Bb2 d6 10. h3 Nc5 11. Qc2 Qb6 12. Rad1 Bd7 13. Kh2 a4 14. Nc1 axb3 15.
axb3 Ba3 16. d3 Ra6 17. Nb1 Bxb2 18. Qxb2 Ne6 19. f4 Nd4 20. Rd2 Rea8 21. Rdf2
c5 22. Bf3 Qa5 23. Bd1 Qa1 24. b4 cxb4 25. Qxb4 b5 26. fxe5 dxe5 27. c5 Nc6 28.
Qb2 Qxb2 29. Rxb2 b4 30. Rff2 Be6 31. Bb3 Bxb3 32. Nxb3 Rd8 33. Nc1 Nd7 34.
Rfc2 Nf8 35. Nd2 Ne6 36. Ndb3 h5 37. Ra2 Rda8 38. Rxa6 Rxa6 39. Ra2 Rxa2+ 40.
Nxa2 Kf8 41. Kg2 Ned4 42. Nd2 Ne6 43. Kf2 Ned4 0-1

[Event "Gibraltar ChallWk1 13th"]
[Site "Gibraltar"]
[Date "2015.01.28"]
[Round "3.12"]
[White "Burrows, Martin P"]
[Black "Machlik, Edit"]
[Result "1-0"]
[ECO "B12"]
[WhiteElo "2136"]
[BlackElo "1914"]
[PlyCount "51"]
[EventDate "2015.01.26"]
[EventType "swiss"]
[EventRounds "5"]
[EventCountry "GGB"]
[SourceTitle "BritBase"]
[Source "www.saund.co.uk"]
[SourceDate "2018.02.10"]
[SourceVersion "1"]
[SourceVersionDate "2018.02.10"]
[SourceQuality "1"]
[TimeControl "7200+675"]
[WhiteClock "0:37:52"]
[BlackClock "0:49:25"]

1. e4 c6 2. d4 d5 3. e5 c5 4. Nf3 Nc6 5. Bb5 Qa5+ 6. Nc3 Bg4 7. dxc5 e6 8. Bd2
Qc7 9. b4 Bxf3 10. Qxf3 Qxe5+ 11. Qe2 Qxe2+ 12. Nxe2 a6 13. Ba4 Nge7 14. O-O e5
15. f4 e4 16. f5 f6 17. Bc3 O-O-O 18. Rad1 Ne5 19. Nd4 N7c6 20. Ne6 Rd7 21. Bb3
Ne7 22. Bxe5 fxe5 23. f6 Nc6 24. Bxd5 Nd4 25. Nxd4 exd4 26. Be6 1-0

[Event "Gibraltar ChallWk1 13th"]
[Site "Gibraltar"]
[Date "2015.01.28"]
[Round "3.13"]
[White "Bryant, Richard B E"]
[Black "Kuhne, Detlev"]
[Result "0-1"]
[ECO "B02"]
[WhiteElo "1904"]
[BlackElo "2131"]
[PlyCount "112"]
[EventDate "2015.01.26"]
[EventType "swiss"]
[EventRounds "5"]
[EventCountry "GGB"]
[SourceTitle "BritBase"]
[Source "www.saund.co.uk"]
[SourceDate "2018.02.10"]
[SourceVersion "1"]
[SourceVersionDate "2018.02.10"]
[SourceQuality "1"]
[TimeControl "7200+775"]
[WhiteClock "0:09:36"]
[BlackClock "0:50:12"]

1. e4 Nf6 2. Nc3 d5 3. e5 Nfd7 4. f4 e6 5. Nf3 c5 6. g3 Nc6 7. Bh3 Be7 8. O-O
a6 9. a4 g6 10. d3 h5 11. Re1 Nf8 12. Kh1 Bd7 13. Bd2 Qc7 14. a5 Nh7 15. Na4
Nxa5 16. Nxc5 Qxc5 17. b4 Qc7 18. bxa5 Rc8 19. Ra2 Bc5 20. d4 Be7 21. Qb1 Bb5
22. Rb2 O-O 23. Bf1 Bxf1 24. Rxf1 Rb8 25. Ne1 Rfc8 26. Rf3 Bf8 27. Rfb3 Qc4 28.
Rd3 Qa4 29. Rxb7 Rxb7 30. Qxb7 Rc4 31. Qb2 Bb4 32. c3 Bxa5 33. Nc2 Nf8 34. Be1
Rc6 35. Ne3 Rb6 36. Qe2 Rb1 37. Kg2 Qa1 38. Rd1 Rxd1 39. Nxd1 Kg7 40. g4 hxg4
41. Qxg4 Qa2+ 42. Kh3 Bd8 43. Ne3 Qb1 44. Qg3 Qe4 45. Ng4 Nd7 46. Qe3 Qxe3+ 47.
Nxe3 Nb6 48. Bd2 Be7 49. Bc1 a5 50. Kg4 a4 51. h4 a3 52. Bxa3 Bxa3 53. h5 gxh5+
54. Kxh5 Bb2 55. Nd1 Na4 56. f5 Bxc3 0-1

[Event "Gibraltar ChallWk1 13th"]
[Site "Gibraltar"]
[Date "2015.01.28"]
[Round "3.14"]
[White "O'Toole, George E"]
[Black "Nieto Asencio, Maria Del Carme"]
[Result "0-1"]
[ECO "B27"]
[WhiteElo "2242"]
[BlackElo "1985"]
[PlyCount "92"]
[EventDate "2015.01.26"]
[EventType "swiss"]
[EventRounds "5"]
[EventCountry "GGB"]
[SourceTitle "BritBase"]
[Source "www.saund.co.uk"]
[SourceDate "2018.02.10"]
[SourceVersion "1"]
[SourceVersionDate "2018.02.10"]
[SourceQuality "1"]
[TimeControl "7200+1720"]
[WhiteClock "0:01:46"]
[BlackClock "0:01:08"]

1. e4 c5 2. c3 g6 3. d4 cxd4 4. cxd4 d5 5. e5 Nc6 6. h3 Bg7 7. Nf3 f6 8. exf6
exf6 9. Nc3 Nge7 10. Bd3 O-O 11. O-O Be6 12. Re1 Bf7 13. a3 Na5 14. Ne2 Qb6 15.
b4 Nc4 16. Ng3 Nc6 17. Ra2 f5 18. Bxc4 dxc4 19. Be3 Qc7 20. Ne2 Rad8 21. Qc1 b5
22. Rd1 Ne7 23. Bf4 Qb7 24. Ne5 Nd5 25. Nc3 Nxc3 26. Qxc3 Rd5 27. Rad2 Bf6 28.
Qe3 Re8 29. g4 Qc8 30. g5 Bd8 31. Qf3 Qb7 32. Re2 Rd7 33. Qxb7 Rxb7 34. d5 Bb6
35. d6 Rd8 36. Red2 Be6 37. Nc6 Rdd7 38. Re2 Bf7 39. Re7 Rxe7 40. dxe7 Be8 41.
Rd8 Kf7 42. Bd6 Bxc6 43. Rf8+ Ke6 44. Rf6+ Kd5 45. Bc7 Rxc7 46. Rxc6 Rxe7 0-1

[Event "Gibraltar ChallWk1 13th"]
[Site "Gibraltar"]
[Date "2015.01.28"]
[Round "3.15"]
[White "Ibarra Jerez, Juan Miguel"]
[Black "Byrn, Carsten"]
[Result "1-0"]
[ECO "B59"]
[WhiteElo "2238"]
[BlackElo "2044"]
[PlyCount "95"]
[EventDate "2015.01.26"]
[EventType "swiss"]
[EventRounds "5"]
[EventCountry "GGB"]
[SourceTitle "BritBase"]
[Source "www.saund.co.uk"]
[SourceDate "2018.02.10"]
[SourceVersion "1"]
[SourceVersionDate "2018.02.10"]
[SourceQuality "1"]
[TimeControl "7200+12025"]
[WhiteClock "0:06:45"]
[BlackClock "0:02:11"]

1. e4 c5 2. Nc3 Nc6 3. Nge2 d6 4. d4 cxd4 5. Nxd4 Nf6 6. Be2 e5 7. Nb3 Be7 8.
f4 O-O 9. O-O a5 10. a4 Nb4 11. Bf3 b6 12. Re1 Bb7 13. Qe2 Rc8 14. Qf2 Bc6 15.
Be3 Rb8 16. Rad1 Qc7 17. Re2 Rfd8 18. Qg3 b5 19. fxe5 dxe5 20. Rxd8+ Bxd8 21.
axb5 Bxb5 22. Rf2 a4 23. Nc5 Be7 24. Nxb5 Rxb5 25. Nxa4 Nxc2 26. Bh6 g6 27. Bd1
Nd4 28. Nc3 Ra5 29. h3 Ra1 30. Qd3 Qd8 31. Qc4 Ra8 32. Kh2 Rc8 33. Qf1 Rc6 34.
g4 Qe8 35. Ba4 Qa8 36. Bxc6 Qxc6 37. g5 Nxe4 38. Rxf7 Nf5 39. Rxe7 Nd2 40. Re8+
Qxe8 41. Qd3 e4 42. Qxd2 e3 43. Qd5+ Kh8 44. Ne2 Qb8+ 45. Kg2 Nh4+ 46. Kf1 Nf5
47. Qf7 Nxh6 48. gxh6 1-0

[Event "Gibraltar ChallWk1 13th"]
[Site "Gibraltar"]
[Date "2015.01.28"]
[Round "3.16"]
[White "Gieritz, Dietmar"]
[Black "Scharrer, Patrick"]
[Result "1-0"]
[ECO "A41"]
[WhiteElo "2048"]
[BlackElo "2231"]
[PlyCount "57"]
[EventDate "2015.01.26"]
[EventType "swiss"]
[EventRounds "5"]
[EventCountry "GGB"]
[SourceTitle "BritBase"]
[Source "www.saund.co.uk"]
[SourceDate "2018.02.10"]
[SourceVersion "1"]
[SourceVersionDate "2018.02.10"]
[SourceQuality "1"]
[TimeControl "7200+1570"]
[WhiteClock "0:29:18"]
[BlackClock "0:13:43"]

1. Nf3 g6 2. g3 Bg7 3. d4 d6 4. Bg2 Nd7 5. O-O e5 6. c4 Ne7 7. Nc3 O-O 8. h3
exd4 9. Nxd4 a5 10. Bg5 h6 11. Bf4 Nc5 12. Qd2 Kh7 13. Rfd1 Bd7 14. Ndb5 Bc6
15. Nxc7 Qxc7 16. Bxd6 Qb6 17. Bxe7 Rfe8 18. Bxc5 Qxc5 19. Nd5 Rad8 20. Rac1 b5
21. b3 b4 22. e4 h5 23. Qf4 Kh8 24. Qxf7 Rf8 25. Qxg6 Rxf2 26. Qxh5+ Bh6 27.
Qxh6+ Kg8 28. Qg5+ Kh7 29. Nf6+ 1-0

[Event "Gibraltar ChallWk1 13th"]
[Site "Gibraltar"]
[Date "2015.01.28"]
[Round "3.17"]
[White "Suez-Panama, Gilles"]
[Black "Dolzhikova, Olga"]
[Result "1/2-1/2"]
[ECO "D38"]
[WhiteElo "2030"]
[BlackElo "2194"]
[PlyCount "85"]
[EventDate "2015.01.26"]
[EventType "swiss"]
[EventRounds "5"]
[EventCountry "GGB"]
[SourceTitle "BritBase"]
[Source "www.saund.co.uk"]
[SourceDate "2018.02.10"]
[SourceVersion "1"]
[SourceVersionDate "2018.02.10"]
[SourceQuality "1"]
[TimeControl "7200+3410"]
[WhiteClock "0:18:53"]
[BlackClock "0:02:14"]

1. d4 Nf6 2. Nf3 e6 3. c4 d5 4. Nc3 Bb4 5. Bg5 h6 6. Bxf6 Qxf6 7. Qa4+ Nc6 8.
Ne5 Bxc3+ 9. bxc3 O-O 10. Nxc6 bxc6 11. e3 c5 12. Be2 cxd4 13. cxd4 c5 14. Qc6
Rb8 15. Qxc5 Ba6 16. O-O Rfc8 17. Qxa7 Bxc4 18. Bxc4 dxc4 19. Rac1 Qd8 20. Rc2
Ra8 21. Qb7 Qa5 22. h3 Rab8 23. Qf3 c3 24. Rfc1 Rc4 25. Qe2 Rbc8 26. Rb1 Rb4
27. Rbc1 Rc7 28. Kh2 Qa3 29. Qd3 g6 30. Rxc3 Qxc1 31. Rxc1 Rxc1 32. d5 exd5 33.
Qxd5 Rc2 34. f4 Ra4 35. Qd8+ Kg7 36. a3 Rxa3 37. Qd4+ Kg8 38. Qd8+ Kg7 39. f5
gxf5 40. Qd4+ Kg8 41. Qd8+ Kg7 42. Qd4+ Kg8 43. Qd8+ 1/2-1/2

[Event "Gibraltar ChallWk1 13th"]
[Site "Gibraltar"]
[Date "2015.01.29"]
[Round "4.1"]
[White "Longa Yauca, Javier"]
[Black "Menna Barreto, Felipe Kubiaki"]
[Result "1/2-1/2"]
[ECO "E74"]
[WhiteElo "2245"]
[BlackElo "2247"]
[PlyCount "85"]
[EventDate "2015.01.26"]
[EventType "swiss"]
[EventRounds "5"]
[EventCountry "GGB"]
[SourceTitle "BritBase"]
[Source "www.saund.co.uk"]
[SourceDate "2018.02.10"]
[SourceVersion "1"]
[SourceVersionDate "2018.02.10"]
[SourceQuality "1"]
[TimeControl "7200+880"]
[WhiteClock "0:03:50"]
[BlackClock "0:02:52"]

1. d4 Nf6 2. Nf3 g6 3. c4 Bg7 4. Nc3 c5 5. d5 d6 6. e4 O-O 7. Be2 e6 8. dxe6
Bxe6 9. O-O Nc6 10. Bg5 h6 11. Bf4 Re8 12. Bxd6 Qa5 13. Bf4 Rad8 14. Nd5 Rd7
15. Bd3 Bg4 16. h3 Bxf3 17. Qxf3 Nd4 18. Qd1 Qd8 19. Re1 Ne6 20. Be3 Nh7 21.
Rb1 h5 22. f4 Bd4 23. Qd2 Nf6 24. Bxd4 Nxd4 25. Qf2 Nxd5 26. cxd5 a5 27. Rbc1
b6 28. a4 Rde7 29. Rcd1 Qd7 30. b3 Qd6 31. g3 f6 32. Kg2 g5 33. fxg5 fxg5 34.
Rf1 Kg7 35. Rde1 Qe5 36. Bb5 Rd8 37. h4 g4 38. Qf4 Nf3 39. Qxe5+ Rxe5 40. Rxf3
gxf3+ 41. Kf2 Kf6 42. Re3 Ke7 43. Kxf3 1/2-1/2

[Event "Gibraltar ChallWk1 13th"]
[Site "Gibraltar"]
[Date "2015.01.29"]
[Round "4.2"]
[White "Sanchez Botella, Luis Javier"]
[Black "Vea, Odin Blikra"]
[Result "1-0"]
[ECO "E14"]
[WhiteElo "2246"]
[BlackElo "2242"]
[PlyCount "115"]
[EventDate "2015.01.26"]
[EventType "swiss"]
[EventRounds "5"]
[EventCountry "GGB"]
[SourceTitle "BritBase"]
[Source "www.saund.co.uk"]
[SourceDate "2018.02.10"]
[SourceVersion "1"]
[SourceVersionDate "2018.02.10"]
[SourceQuality "1"]
[TimeControl "6600+655"]
[WhiteClock "0:01:07"]
[BlackClock "0:00:14"]

1. d4 Nf6 2. Nf3 c5 3. e3 e6 4. c4 Be7 5. Nc3 b6 6. d5 d6 7. Be2 O-O 8. O-O e5
9. Nd2 Ne8 10. f4 f5 11. Qc2 Nd7 12. a3 g5 13. g3 Ng7 14. Nf3 g4 15. Ne1 e4 16.
b4 h5 17. Bb2 h4 18. Kf2 Nh5 19. Bd1 Rf7 20. Ng2 Rh7 21. Ne2 Ng7 22. Qc3 a5 23.
bxa5 bxa5 24. Ba4 Rb8 25. Bb5 Nf6 26. a4 hxg3+ 27. hxg3 Rh3 28. Rh1 Kf7 29.
Rag1 Nfh5 30. Qb3 Bd7 31. Bc3 Bxb5 32. axb5 Ra8 33. Ra1 Qh8 34. Qd1 Nf6 35. Nh4
Qh5 36. Qf1 Nd7 37. Rxh3 gxh3 38. Qxh3 Bxh4 39. gxh4 Ne8 40. Rg1 Nef6 41. Rg5
Qf3+ 42. Qxf3 exf3 43. Kxf3 a4 44. Ng3 a3 45. Nxf5 a2 46. Nxd6+ Kf8 47. Ba1 Ra3
48. Rg2 Ke7 49. Nf5+ Kf7 50. b6 Nxb6 51. Rg7+ Kf8 52. Bxf6 a1=Q 53. Bxa1 Rxa1
54. Rc7 Nxc4 55. d6 Nb6 56. Rxc5 Rd1 57. Nd4 Ke8 58. Ke4 1-0

[Event "Gibraltar ChallWk1 13th"]
[Site "Gibraltar"]
[Date "2015.01.29"]
[Round "4.3"]
[White "Perez Garcia, Alejandro"]
[Black "Urbina Perez, Juan Antonio"]
[Result "0-1"]
[ECO "A22"]
[WhiteElo "2207"]
[BlackElo "2221"]
[PlyCount "108"]
[EventDate "2015.01.26"]
[EventType "swiss"]
[EventRounds "5"]
[EventCountry "GGB"]
[SourceTitle "BritBase"]
[Source "www.saund.co.uk"]
[SourceDate "2018.02.10"]
[SourceVersion "1"]
[SourceVersionDate "2018.02.10"]
[SourceQuality "1"]
[TimeControl "7200+2010"]
[WhiteClock "0:00:30"]
[BlackClock "0:05:33"]

1. c4 e5 2. Nc3 Nf6 3. g3 Bb4 4. Bg2 Bxc3 5. dxc3 d6 6. e4 Nc6 7. Qe2 Be6 8.
Nf3 h6 9. Nd2 Qd7 10. h3 a6 11. a4 O-O 12. b4 Nh7 13. b5 axb5 14. cxb5 Na5 15.
g4 d5 16. exd5 Bxd5 17. Qd3 Rfd8 18. Bxd5 Qxd5 19. Qxd5 Rxd5 20. c4 Rd3 21. Ba3
Rxd2 22. Kxd2 Nb3+ 23. Kc3 Nxa1 24. Rxa1 Rxa4 25. Kb3 Ra8 26. Rd1 Nf6 27. Be7
Ne4 28. f3 Re8 29. fxe4 Rxe7 30. Rd8+ Kh7 31. c5 Kg6 32. Kc4 f6 33. Kd5 Kf7 34.
b6 g6 35. h4 cxb6 36. cxb6 f5 37. gxf5 gxf5 38. exf5 e4 39. Kc5 e3 40. Rd1 e2
41. Re1 Kf6 42. h5 Kxf5 43. Kd6 Kf6 44. Kd5 Re6 45. Kc5 Kg5 46. Kd5 Kf5 47. Kc5
Kf4 48. Kd5 Re8 49. Kd6 Kf3 50. Kc7 Kf2 51. Rxe2+ Kxe2 52. Kxb7 Kf3 53. Kc7 Kg4
54. b7 Kxh5 0-1

[Event "Gibraltar ChallWk1 13th"]
[Site "Gibraltar"]
[Date "2015.01.29"]
[Round "4.4"]
[White "Galmandakh, Badrakh"]
[Black "Burrows, Martin P"]
[Result "1-0"]
[ECO "A38"]
[WhiteElo "2240"]
[BlackElo "2136"]
[PlyCount "83"]
[EventDate "2015.01.26"]
[EventType "swiss"]
[EventRounds "5"]
[EventCountry "GGB"]
[SourceTitle "BritBase"]
[Source "www.saund.co.uk"]
[SourceDate "2018.02.10"]
[SourceVersion "1"]
[SourceVersionDate "2018.02.10"]
[SourceQuality "1"]
[TimeControl "6600+1000"]
[WhiteClock "0:54:33"]
[BlackClock "0:10:38"]

1. d3 c5 2. g3 g6 3. Bg2 Bg7 4. c4 Nc6 5. Nc3 Nf6 6. Nf3 d5 7. cxd5 Nxd5 8. O-O
Nxc3 9. bxc3 Bxc3 10. Rb1 O-O 11. Bh6 Bg7 12. Bxg7 Kxg7 13. Qc2 Qd6 14. Rfc1
Rb8 15. Qxc5 Qxc5 16. Rxc5 Bd7 17. Ne5 Be8 18. e3 e6 19. Bxc6 Bxc6 20. Nxc6
bxc6 21. Rxb8 Rxb8 22. Rxc6 Rb4 23. Ra6 Rb7 24. d4 h5 25. h4 Kf8 26. Kg2 Ke7
27. Kf3 Rc7 28. Kf4 Rd7 29. f3 Rb7 30. g4 hxg4 31. fxg4 Rc7 32. Kg5 Rd7 33. Ra5
Rb7 34. h5 gxh5 35. gxh5 f5 36. Kg6 Kd6 37. h6 Rb2 38. h7 Rg2+ 39. Kf6 Rh2 40.
Rxa7 Kd5 41. Kg7 Rg2+ 42. Kf8 1-0

[Event "Gibraltar ChallWk1 13th"]
[Site "Gibraltar"]
[Date "2015.01.29"]
[Round "4.5"]
[White "Nieto Asencio, Maria Del Carme"]
[Black "Byron, Alan M"]
[Result "0-1"]
[ECO "D00"]
[WhiteElo "1985"]
[BlackElo "2188"]
[PlyCount "116"]
[EventDate "2015.01.26"]
[EventType "swiss"]
[EventRounds "5"]
[EventCountry "GGB"]
[SourceTitle "BritBase"]
[Source "www.saund.co.uk"]
[SourceDate "2018.02.10"]
[SourceVersion "1"]
[SourceVersionDate "2018.02.10"]
[SourceQuality "1"]
[TimeControl "7200+1420"]
[WhiteClock "0:00:40"]
[BlackClock "0:02:29"]

1. d4 Nf6 2. Nf3 g6 3. Nc3 d5 4. Bf4 Bg7 5. Qd2 O-O 6. Bh6 Nc6 7. Bxg7 Kxg7 8.
Ne5 Qd6 9. Nxc6 bxc6 10. e3 Rb8 11. b3 Bf5 12. Bd3 Bxd3 13. cxd3 c5 14. dxc5
Qxc5 15. Na4 Qd6 16. Rc1 Rb5 17. f3 d4 18. O-O Rh5 19. g3 dxe3 20. Qxe3 Rd8 21.
Rfd1 Nd5 22. Qf2 Rf5 23. Nc5 Qb6 24. d4 h5 25. Re1 e6 26. Re4 Nf6 27. Qe3 Nxe4
28. fxe4 Rf6 29. Rc4 c6 30. h3 Qc7 31. e5 Rf5 32. g4 hxg4 33. hxg4 Rh8 34. gxf5
exf5 35. Rc2 Rh4 36. e6 Qe7 37. Qe5+ f6 38. Qe3 g5 39. Rh2 Rxh2 40. Kxh2 Kg6
41. Kg2 Kg7 42. a4 a5 43. Qe1 Kg6 44. Qxa5 Qd6 45. Qc3 Qd5+ 46. Kg1 Qd6 47. Qe3
Qe7 48. a5 f4 49. Qe4+ f5 50. Qxc6 g4 51. Qg2 Qd6 52. Qf2 g3 53. Qd2 f3 54. Nb7
Qd5 55. e7 f2+ 56. Kf1 Qh1+ 57. Ke2 f1=Q+ 58. Ke3 Qhf3# 0-1